 Dungeon Crawl Stone Soup version 0.29-a0-234-g0dae59b3db (webtiles) character file.

Game seed: 2035567527625045533

12 siradein the Grave Robber (level 2, -2/20 HPs)
             Began as a Ghoul Necromancer on Mar 3, 2022.
             Slain by a worm (9 damage)
             ... on level 2 of the Dungeon.
             The game lasted 00:02:01 (1134 turns).

siradein the Grave Robber (Ghoul Necromancer)       Turns: 1134, Time: 00:02:02

Health: -2/20      AC:  4    Str: 11    XL:     2   Next: 33%
Magic:  0/4        EV: 12    Int: 10    God:
Gold:   40         SH:  0    Dex:  9    Spells: 4/5 levels left

rFire   . . .      SeeInvis .   (no weapon)
rCold   + . .      Faith    .   (no shield)
rNeg    + + +      Spirit   .   a - +0 robe
rPois   ∞          Reflect  .   e - +1 hat
rElec   .          Harm     .   (no cloak)
rCorr   .          Rampage  .   (no gloves)
Will    .....                   d - +0 pair of boots
Stlth   ++........              (no amulet)
HPRegen 0.00/turn               (no ring)
MPRegen 0.09/turn               (no ring)

@: inhibited regen
A: claws 1, cold resistance 1, negative energy resistance 3, inhibited
regeneration, torment resistance 2
a: no special abilities


You were on level 2 of the Dungeon.
You visited 1 branch of the dungeon, and saw 2 of its levels.

You collected 40 gold pieces.

Inventory:

Armour
 a - a +0 robe (worn)
 d - a +0 pair of boots (worn)
 e - a +1 hat (worn)
Jewellery
 f - a ring of protection from fire
Scrolls
 b - a scroll of noise {unknown}
 c - a scroll of identify {unknown}


   Skills:
 - Level 1.7 Dodging
 - Level 2.1 Stealth
 + Level 2.1 Spellcasting
 + Level 4.3 Necromancy


You had 4 spell levels left.
You knew the following spells:

 Your Spells              Type           Power      Damage    Failure   Level
a - Pain                  Necr           36%        1d5       5%          1

Your spell library contained the following spells:

 Spells                   Type           Power      Damage    Failure   Level
 Animate Skeleton         Necr           18%        N/A       5%          1
 Vampiric Draining        Necr           9%         2d6       16%         3
 Static Discharge         Conj/Air       1%         N/A       43%         2
 Animate Dead             Necr           4%         N/A       45%         4
 Dispel Undead            Necr           9%         3d8       45%         4
 Sticky Flame             Conj/Fire      1%         2d3       97%         4
 Agony                    Necr           9%         N/A       82%         5


Dungeon Overview and Level Annotations

Branches:
Dungeon (2/15)

Altars:


Innate Abilities, Weirdness & Mutations

You thrive by killing the living.
You are immune to poison.
You have sharp fingernails.
Your flesh is cold resistant. (rC+)
You are immune to negative energy. (rN+++)
You do not regenerate when monsters are visible.
You are immune to unholy pain and torment.


Message History

f - a ring of protection from fire A worm comes into view.
The worm writhes in agony.
The worm writhes in agony.
The worm writhes in agony.
The worm writhes in agony.
You are too depleted to draw on your mana recklessly!
You are too depleted to draw on your mana recklessly!
You scratch the worm.
The worm is heavily wounded.
You scratch the worm.
The worm is heavily wounded.
The worm bites you!
You scratch the worm.
The worm is severely wounded.
The worm misses you.
You barely miss the worm.
The worm is severely wounded.
You scratch the worm but do no damage.
The worm is severely wounded.
The worm bites you.
You are too injured to fight recklessly!
You are too injured to fight recklessly!
You are too injured to fight recklessly!
Casting: Pain (safe; 5% risk of failure)
Confirm with . or Enter, or press ? or * to list all spells.
Aiming: Pain (safe; 5% risk of failure)
Press: ? - help, Shift-Dir - straight line, f/p - worm
Aim: a worm (heavily wounded, chance to affect: 69%)
The worm writhes in agony.
The worm misses you.
You scratch the worm but do no damage.
The worm is severely wounded.
You barely miss the worm. You claw the worm, but do no damage.
The worm is severely wounded.
The worm closely misses you.
You barely miss the worm.
The worm is heavily wounded.
The worm bites you!
You die...

#.......... ###
#.########. ..# #.# #.
#.###.# #.##### ..>...#
#.....#
#.############.....#
...................#
..############..w..#
..########## #?.@..#
....<......# ###.#.#
........##.# #.#.#
..####...#.# ##.#.#
...........# #....#####
..####...### #.#.......
..#####.#######.)..#####
....###.##..............
....##..##.####....#####


You could see a worm.

Vanquished Creatures
  4 bats (D:1)
  3 endoplasms
  A hobgoblin (D:1)
  A ball python (D:1)
  2 kobolds
  A rat (D:1)
12 creatures vanquished.

Notes
Turn   | Place    | Note
-------+----------+-------------------------------------------
     0 | D:1      | siradein the Ghoul Necromancer began the quest for the Orb.
     0 | D:1      | Reached XP level 1. HP: 14/14 MP: 2/2
   217 | D:1      | Reached XP level 2. HP: 20/20 MP: 0/4
  1134 | D:2      | Slain by a worm

Illustrated notes

Levels and vault maps discovered:
D:1:      erik_arrival_orb_chamber, layout_loops_ring
D:2:      layout_loops_ring, uniq_jessica

Skill      XL: |  1 |
---------------+----+-----
Spellcasting   | 2 |  2.1
Dodging        | |  1.7
Stealth        | |  2.1
Necromancy     | |  4.3

Action                   || total
-------------------------++-------
Melee: Unarmed           ||    13
       Punch             ||     1
 Cast: Pain              ||    29
Armor: Robe              ||     5
Dodge: Dodged            ||    10

Table legend: (Time is in decaauts)
 A = Elapsed time spent in this place.
 B = Non-inter-level travel time spent in this place.
 C = Inter-level travel time spent in this place.
 D = Time resting spent in this place.
 E = Time spent auto-exploring this place.
 F = Levels seen in this place.
 G = Mean time per level.
                   A        B        C        D        E       F      G
               +--------+--------+--------+--------+--------+-----+--------+
         Total |   1133 |   1096 |     37 |      0 |    964 |   2 |  566.5 |
       Dungeon |   1133 |   1096 |     37 |      0 |    964 |   2 |  566.5 |
               +--------+--------+--------+--------+--------+-----+--------+

Top non-repeatable levels by time:
     D:1: 874 daAuts
     D:2: 259 daAuts
